 Dungeon Crawl Stone Soup version 0.32-a0-42-ga30500b4d3 (webtiles) character file.

Game seed: 17790871582671046214

25 grandjackal the Slasher (level 2, -2/23 HPs)
             Began as a Demonspawn Gladiator on Jan 29, 2024.
             Slain by Robin
             ... wielding a +0 spear
              (4 damage)
             ... on level 2 of the Dungeon.
             The game lasted 00:00:39 (804 turns).

grandjackal the Slasher (Demonspawn Gladiator)       Turns: 804, Time: 00:00:40

Health: -2/23      AC:  4    Str: 14    XL:     2   Next: 82%
Magic:  2/2        EV: 12    Int:  8    God:
Gold:   34         SH:  0    Dex: 14    Spells: 1/1 levels left

rFire   . . .        a - +0 long sword
rCold   . . .        (no shield)
rNeg    . . .        b - +0 leather armour
rPois   .            c - +0 helmet
rElec   .            (no cloak)
rCorr   .            (no gloves)
SInv    .            (no boots)
Will    .....        (no amulet)
Stlth   +            (no ring)
HPRegen 0.23/turn    (no ring)
MPRegen 0.08/turn

%: no passive effects
@: no status effects
A: demonic guardian 1
a: no special abilities


You were on level 2 of the Dungeon.
You visited 1 branch of the dungeon, and saw 2 of its levels.

You collected 34 gold pieces.

Inventory:

Hand Weapons
 a - a +0 long sword (weapon)
Missiles
 d - 3 throwing nets (quivered)
 e - a javelin
Armour
 b - a +0 leather armour (worn)
 c - a +0 helmet (worn)
Scrolls
 h - a scroll of teleportation {unknown}
Potions
 f - a potion of magic {unknown}
 g - a potion of brilliance {unknown}


   Skills:
 + Level 2.5 Fighting
 + Level 3.0 Long Blades
 - Level 2.0 Throwing
 + Level 3.0 Dodging


You had one spell level left.
You didn't know any spells.
Your spell library was empty.

Dungeon Overview and Level Annotations

Branches:
Dungeon (2/15)

Altars:

Annotations:
D:2 Robin


Innate Abilities, Weirdness & Mutations

A weak demonic guardian rushes to your aid.


Message History

You kill the goblin!
You hit the goblin.
The goblin is heavily wounded.
The goblin barely misses you.
You slash the goblin!
You kill the goblin!
The goblin completely misses you. Robin throws the goblin at you!
You closely miss the goblin.
The goblin hits you but does no damage. x2
Robin roars a battlecry!
The goblin goes into a battle-frenzy!
You hear a shout!
You slash the goblin!
You kill the goblin!
The goblin hits you with a +0 club.
Robin roars a battlecry!
You hit the goblin.
You kill the goblin!
Robin hits you from afar with a +0 spear.
You are too injured to fight recklessly!
A goblin and 2 hobgoblins come into view.
The goblin shouts!
The hobgoblin shouts! x2
A goblin comes into view. It is wielding a +0 club.
Items here: )))) ††.
A goblin comes into view. It is wielding a +0 club.
The hobgoblin barely misses you. Robin hits you with a +0 spear.
You barely miss Robin. The hobgoblin closely misses you.
Robin's horned helmet rattles.
Robin barely misses you. Robin hits you with a +0 spear.
* * * LOW HITPOINT WARNING * * *
A demonic guardian appears!
The hobgoblin barely misses you.
You hit Robin.
Robin is moderately wounded.
Robin hits you with a +0 spear.
* * * LOW HITPOINT WARNING * * *
The hobgoblin barely misses you.
You slash Robin!
Robin is almost dead.
The hobgoblin closely misses you. Robin hits you with a +0 spear.
You die...
Robin calls out, "Let's celebrate!
Time for a feast!"

#<# #.# #.#
#.# #.# #)#
#### #.#
...#
#5###...##.#
#g@ggg.....#
#####gg.####
.......
...####
?...g ##.#.#
.#.# .# #


You could see Robin (ally target), 2 hobgoblins, 3 goblins and a friendly iron
imp (summoned).

Vanquished Creatures
  A dart slug (D:1)
  An endoplasm (D:1)
  5 giant cockroaches (D:1)
  2 hobgoblins
  A quokka (D:1)
  2 bats (D:1)
  2 frilled lizards (D:1)
  5 goblins (D:2)
  A kobold (D:1)
20 creatures vanquished.

Notes
Turn   | Place    | Note
-------+----------+-------------------------------------------
     0 | D:1      | grandjackal the Demonspawn Gladiator began the quest for
                  | the Orb.
     0 | D:1      | Reached XP level 1. HP: 16/16 MP: 1/1
   233 | D:1      | Gained mutation: A weak demonic guardian rushes to your
                  | aid. [demonic ancestry]
   233 | D:1      | Reached XP level 2. HP: 22/22 MP: 2/2
   782 | D:2      | Noticed Robin
   804 | D:2      | Slain by Robin

Illustrated notes

Levels and vault maps discovered:
D:1:      dpeg_arrival_houses_and_road, layout_loops_ring, minivault_26
D:2:      layout_basic, minivault_27, uniq_terence, uniq_robin, uniq_sigmund

Skill      XL: |  1  2 |
---------------+-------+-----
Throwing       | 2 |  2.0
Long Blades    | 3 |  3.0
Dodging        | 3 |  3.0
Fighting       | |  2.5

Action                     || total
---------------------------++-------
  Melee: Long sword        ||    60
 Armour: Leather armour    ||    33
  Dodge: Dodged            ||    40

Table legend: (Time is in decaauts)
 A = Elapsed time spent in this place.
 B = Non-inter-level travel time spent in this place.
 C = Inter-level travel time spent in this place.
 D = Time resting spent in this place.
 E = Time spent auto-exploring this place.
 F = Levels seen in this place.
 G = Mean time per level.
                   A        B        C        D        E       F      G
               +--------+--------+--------+--------+--------+-----+--------+
         Total |    818 |    792 |     26 |      0 |    651 |   2 |  409.0 |
       Dungeon |    818 |    792 |     26 |      0 |    651 |   2 |  409.0 |
               +--------+--------+--------+--------+--------+-----+--------+

Top non-repeatable levels by time:
     D:1: 776 daAuts
     D:2: 42 daAuts
